 Dungeon Crawl Stone Soup version 0.31-a0-145-g046c7d2549 (webtiles) character file.

Game seed: 12546894621864815676

5069 qw the Skirmisher (level 10, -8/90 HPs)
             Began as a Minotaur Hunter on June 7, 2023.
             Was a Follower of Okawaru.
             Mangled by a death yak (19 damage)
             ... on level 9 of the Dungeon.
             The game lasted 00:04:06 (8743 turns).

qw the Skirmisher (Minotaur Hunter)                 Turns: 8743, Time: 00:04:06

Health: -8/90      AC:  9    Str: 16    XL:     10   Next: 31%
Magic:  12/12      EV: 24    Int:  6    God:    Okawaru [*.....]
Gold:   473        SH:  0    Dex: 18    Spells: 9/9 levels left

rFire   . . .        Y - +0 orcbow
rCold   . . .        (shield currently unavailable)
rNeg    . . .        j - +0 steam dragon scales
rPois   .            (helmet restricted)
rElec   .            k - +0 cloak
rCorr   .            (no gloves)
SInv    +            o - +0 pair of boots
Will    .....        (no amulet)
Stlth   +++          c - ring of see invisible
HPRegen 0.35/turn    h - +5 ring of evasion
MPRegen 0.13/turn

%: no passive effects
@: about to teleport, heroic
A: horns 2, retaliatory headbutt
a: Renounce Religion, Heroism


You were on level 9 of the Dungeon.
You worshipped Okawaru.
Okawaru was aware of your devotion.
You visited 2 branches of the dungeon, and saw 10 of its levels.

You collected 473 gold pieces.


Innate Abilities, Weirdness & Mutations

You have a pair of horns on your head.
You reflexively headbutt those who attack you in melee.


   Skills:
 + Level 8.9(13.9) Fighting
 - Level 13.0(18.0) Ranged Weapons
 - Level 3.0(8.0) Armour
 - Level 6.0(11.0) Dodging
 - Level 0.7(5.7) Stealth
 - Level 4.4 Invocations


You had 9 spell levels left.
You didn't know any spells.
Your spell library was empty.

Inventory:

Hand Weapons
 Y - a +0 orcbow (weapon)
Armour
 b - a +0 robe of fire resistance
 j - +0 steam dragon scales (worn)
 k - a +0 cloak (worn)
 o - a +0 pair of boots (worn)
Jewellery
 c - a ring of see invisible (left hand)
 d - a ring of ice
 f - a ring of protection from fire
 h - a +5 ring of evasion (right hand)
 n - a ring of protection from fire
Scrolls
 a - 2 scrolls of identify
 e - a scroll of teleportation
Potions
 g - a potion of cancellation
 m - 5 potions of curing

Dungeon Overview and Level Annotations

Branches:
Dungeon (9/15)             Temple (1/1) D:6
   Lair: D:8-11         Orc: D:9-12

Altars:
Ashenzari
Cheibriados
Dithmenos
Elyvilon
Fedhas
Gozag
Hepliaklqana
Kikubaaqudgha
Makhleb
Nemelex Xobeh
Okawaru
Qazlal
Ru
Sif Muna
Trog
Uskayaw
Vehumet
Wu Jian
Xom
Yredelemnul
Zin
The Shining One

Shops:
D:3 (   D:5 [==

Annotations:
D:2 1 runed translucent door, Crazy Yiuf
D:6 1 runed translucent door, qw's ghost, novice GrFi


Message History

The death yak completely misses you.
You shoot an arrow. The arrow barely misses the hell rat.
The hell rat misses you. You furiously retaliate!
You headbutt the hell rat. You shoot an arrow. The arrow hits the hell rat!
You kill the hell rat!
Okawaru accepts your kill. The death yak gores you.
You shoot an arrow. The arrow hits the death yak.
The death yak is moderately wounded.
The death yak completely misses you. The death yak gores you.
You shoot an arrow.
The arrow hits the death yak but does no damage.
The death yak is lightly wounded.
You shoot an arrow. The arrow hits the death yak!
The death yak is moderately wounded.
The death yak misses you. The death yak gores you!
You shoot an arrow.
The arrow hits the death yak but does no damage.
The death yak is moderately wounded.
The death yak closely misses you. You furiously retaliate!
You headbutt the death yak. The death yak barely misses you.
The orc priest calls down the wrath of Beogh upon you.
Beogh smites you!
8739 ||| READING 2 scrolls of teleportation.
As you read the scroll of teleportation, it crumbles to dust.
You feel strangely unstable. The death yak barely misses you.
The death yak misses you.
You shoot an arrow. The arrow hits the death yak.
The death yak is moderately wounded.
You shoot an arrow. The arrow hits the death yak!
The death yak is heavily wounded.
The death yak completely misses you. The death yak gores you!
You shoot an arrow. The arrow hits the death yak!
The death yak is heavily wounded.
The death yak misses you. The death yak barely misses you.
You shoot an arrow.
The arrow hits the death yak but does no damage.
The death yak is heavily wounded.
The death yak gores you!!
You die...

... .... ##.. ...# ... ...#
#.. ...# .. ....# o##...#
##YYY# #%@# #####+####.## ##
#..........### #####+######.
#.....>....'.###.........##.
#..........#...'............
#..........#####.........#..
#.....<....# #.........##.
#..........# #.........##.
#..........# #.........##.


You could see 3 death yaks and an orc priest.

Vanquished Creatures
  Joseph (D:7)
  Maurice (D:8)
  Maggie (D:7)
  A hornet (D:8)
  3 yaks (D:8)
  A wyvern (D:8)
  Eustachio (D:5)
  A water moccasin (D:7)
  2 ice beasts
  3 ogres
  5 centaurs
  3 phantoms
  2 kobold brigands (D:6)
  2 bullfrogs
  A gnoll sergeant (D:9)
  4 scorpions
  6 wights
  4 killer bees
  A howler monkey (D:5)
  2 jellies
  A gnoll bouda (D:7)
  2 hounds (D:5)
  2 orc priests
  Jessica (D:2)
  6 iguanas
  6 sleepcaps
  An orc wizard (D:8)
  A hell rat (D:9)
  Robin (D:2)
  8 gnolls
  11 adders
  A river rat (D:9)
  A shadow imp (D:7)
  2 white imps (D:6)
  2 ufetubi
  4 dart slugs
  A worm (D:2)
  18 orcs
  12 ball pythons
  9 endoplasms
  A giant cockroach (D:1)
  15 goblins
  10 hobgoblins
  6 jackals
  7 quokkas
  4 bats
  2 frilled lizards (D:1)
  14 kobolds
  8 rats
202 creatures vanquished.

Vanquished Creatures (others)
  A human (D:9)
1 creature vanquished.

Grand Total: 203 creatures vanquished

Notes
Turn   | Place    | Note
-------+----------+-------------------------------------------
     0 | D:1      | qw the Minotaur Hunter began the quest for the Orb.
     0 | D:1      | Reached XP level 1. HP: 18/18 MP: 0/0
     0 | D:1      | 0 ||| qw: Version: 0.2-a-117-gc6b5c8b
     0 | D:1      | 0 ||| qw: Game counter: 2418
     0 | D:1      | 0 ||| qw: Always use a shield: true
     0 | D:1      | 0 ||| qw: God list: Okawaru
     0 | D:1      | 0 ||| qw: Allow faded altars: false
     0 | D:1      | 0 ||| qw: Do Orc after D:15 true
     0 | D:1      | 0 ||| qw: Do second Lair branch before Depths: true
     0 | D:1      | 0 ||| qw: Lair rune preference: random
     0 | D:1      | 0 ||| qw: Plans: Normal
     0 | D:1      | 0 ||| PLANNING D:1-11
    36 | D:1      | HP: 2/18 [frozen (3)]
   127 | D:1      | Reached skill level 5 in Ranged Weapons
   127 | D:1      | Reached XP level 2. HP: 25/25 MP: 1/1
   288 | D:1      | Reached skill level 3 in Fighting
   357 | D:1      | Reached XP level 3. HP: 31/31 MP: 2/2
   741 | D:1      | 741 ||| UPGRADING to +0 ring mail.
   751 | D:1      | 751 ||| DROPPING +0 leather armour.
   752 | D:1      | 752 ||| UPGRADING to +0 cloak.
   757 | D:1      | 757 ||| UPGRADING to amulet of guardian spirit.
   762 | D:1      | 762 ||| UPGRADING to ring of protection from fire.
   763 | D:1      | 763 ||| UPGRADING to +5 ring of evasion.
   764 | D:1      | 764 ||| READING scroll labelled DAEPSYODAI.
   765 | D:1      | 765 ||| READING 2 scrolls labelled ELURIWN IRHAF.
   770 | D:1      | 770 ||| READING scroll labelled OBOTIUNEPNI.
   871 | D:1      | 871 ||| DROPPING scroll of butterflies.
   996 | D:2      | Reached skill level 1 in Armour
  1051 | D:2      | 1051 ||| FLEEEEING.
  1052 | D:2      | 1052 ||| FLEEEEING.
  1053 | D:2      | 1053 ||| FLEEEEING.
  1054 | D:2      | 1054 ||| FLEEEEING.
  1055 | D:2      | 1055 ||| FLEEEEING.
  1056 | D:2      | 1056 ||| FLEEEEING.
  1058 | D:2      | 1058 ||| FLEEEEING.
  1060 | D:2      | 1060 ||| FLEEEEING.
  1061 | D:2      | 1061 ||| FLEEEEING.
  1121 | D:2      | Noticed Jessica
  1127 | D:2      | Killed Jessica
  1128 | D:2      | Reached skill level 6 in Ranged Weapons
  1128 | D:2      | Reached XP level 4. HP: 28/38 MP: 1/3
  1224 | D:2      | Noticed Robin
  1225 | D:2      | 1225 ||| FLEEEEING.
  1241 | D:2      | Killed Robin
  1243 | D:2      | 1243 ||| FLEEEEING.
  1244 | D:2      | 1244 ||| FLEEEEING.
  1245 | D:2      | 1245 ||| FLEEEEING.
  1246 | D:2      | 1246 ||| FLEEEEING.
  1247 | D:2      | 1247 ||| FLEEEEING.
  1248 | D:2      | 1248 ||| FLEEEEING.
  1254 | D:2      | 1254 ||| FLEEEEING.
  1265 | D:2      | 1265 ||| FLEEEEING.
  1269 | D:2      | 1269 ||| STAIRDANCE
  1578 | D:2      | Found a runed translucent door.
  1579 | D:2      | Noticed Crazy Yiuf
  1931 | D:2      | 1931 ||| READING scroll labelled NYXTIO TAYPULA.
  1932 | D:2      | 1932 ||| READING scroll labelled WEMPEP AT ZUKHOTS.
  1933 | D:2      | 1933 ||| DRINKING 2 amethyst potions.
  1935 | D:2      | 1935 ||| Stepping ~*~*~tactically~*~*~ (cloud).
  2251 | D:3      | Found a shimmering blue altar of Sif Muna.
  2292 | D:3      | Found a blossoming altar of Fedhas.
  2459 | D:3      | Found an ornate altar of the Wu Jian Council.
  2508 | D:3      | Reached XP level 5. HP: 46/46 MP: 4/4
  2692 | D:3      | Found Ciehiewed's Antique Weapon Boutique.
  2697 | D:3      | 2697 ||| UPGRADING to +0 pair of boots.
  2706 | D:3      | Found a faded altar of an unknown god.
  2736 | D:3      | 2736 ||| READING scroll labelled ZIKHOYLUCEO.
  2737 | D:3      | 2737 ||| READING scroll labelled ZIKIZX YDUCZIE.
  2738 | D:3      | 2738 ||| DRINKING 2 bubbling ruby potions.
  2739 | D:3      | 2739 ||| DROPPING potion of brilliance.
  2812 | D:4      | Noticed a phantom
  2836 | D:4      | Killed a phantom
  2837 | D:4      | Reached skill level 7 in Ranged Weapons
  2837 | D:4      | Reached XP level 6. HP: 41/52 MP: 3/5
  2894 | D:4      | Reached skill level 8 in Ranged Weapons
  3534 | D:4      | 3534 ||| READING scroll labelled TIULOHU YNOY.
  3567 | D:5      | Entered Level 5 of the Dungeon
  3587 | D:5      | Reached XP level 7. HP: 61/61 MP: 6/6
  3605 | D:5      | Reached skill level 3 in Dodging
  3946 | D:5      | Reached skill level 9 in Ranged Weapons
  4010 | D:5      | 4010 ||| FLEEEEING.
  4011 | D:5      | 4011 ||| FLEEEEING.
  4012 | D:5      | 4012 ||| FLEEEEING.
  4013 | D:5      | 4013 ||| FLEEEEING.
  4074 | D:5      | Found Ofodwefi's Jewellery Shoppe.
  4082 | D:5      | 4082 ||| SHOPLISTING +6 ring of strength (360 gold, have
                  | 134).
  4082 | D:5      | 4082 ||| SHOPLISTING amulet of reflection (300 gold, have
                  | 134).
  4082 | D:5      | 4082 ||| SHOPLISTING amulet of regeneration (300 gold, have
                  | 134).
  4082 | D:5      | 4082 ||| SHOPLISTING amulet of the acrobat (300 gold, have
                  | 134).
  4082 | D:5      | 4082 ||| SHOPLISTING ring "Cuplahef" {rPois rN+++ Will+
                  | MP+9 Stlth-} (747 gold, have 134).
  4082 | D:5      | 4082 ||| SHOPLISTING ring "Relabyur" {rN+ Int+3} (333 gold,
                  | have 134).
  4082 | D:5      | 4082 ||| SHOPLISTING ring of protection from fire (250
                  | gold, have 134).
  4130 | D:5      | Reached skill level 6 in Fighting
  4204 | D:5      | Found Hohim's Armour Shoppe.
  4215 | D:5      | 4215 ||| SHOPLISTING +0 leather armour "Edyragic" {rF+ rC+
                  | Will+} (314 gold, have 134).
  4215 | D:5      | 4215 ||| SHOPLISTING +2 robe of fire resistance (194 gold,
                  | have 134).
  4234 | D:5      | Noticed Eustachio
  4256 | D:5      | Killed Eustachio
  4257 | D:5      | Reached XP level 8. HP: 34/70 MP: 4/7
  4531 | D:5      | Found Zoudad's Jewellery Boutique.
  4535 | D:5      | 4535 ||| SHOPLISTING +6 ring of dexterity (540 gold, have
                  | 145).
  4535 | D:5      | 4535 ||| SHOPLISTING +6 ring of strength (540 gold, have
                  | 145).
  4535 | D:5      | 4535 ||| SHOPLISTING amulet of the Changing Priest {Faith
                  | Rampage rPois} (768 gold, have 145).
  4535 | D:5      | 4535 ||| SHOPLISTING amulet of the acrobat (450 gold, have
                  | 145).
  4597 | D:5      | Reached skill level 10 in Ranged Weapons
  4655 | D:5      | Found a glowing golden altar of the Shining One.
  4659 | D:5      | 4659 ||| DRINKING 2 viscous pink potions.
  4660 | D:5      | 4660 ||| DRINKING 3 yellow potions.
  4661 | D:5      | 4661 ||| READING 4 scrolls of identify.
  4661 | D:5      | 4661 ||| IDENTIFYING metallic yellow potion
  4662 | D:5      | 4662 ||| DROPPING potion of invisibility.
  4663 | D:5      | 4663 ||| DROPPING potion of magic.
  4670 | D:5      | Reached skill level 3 in Armour
  4904 | D:6      | HP: 8/73 [ice beast (12)]
  4905 | D:6      | 4905 ||| READING 4 scrolls of teleportation.
  4906 | D:6      | 4906 ||| DRINKING 2 potions of heal wounds.
  4910 | D:6      | 4910 ||| FLEEEEING.
  4911 | D:6      | 4911 ||| FLEEEEING.
  4912 | D:6      | 4912 ||| FLEEEEING.
  4913 | D:6      | 4913 ||| FLEEEEING.
  4914 | D:6      | 4914 ||| FLEEEEING.
  4915 | D:6      | 4915 ||| FLEEEEING.
  4916 | D:6      | 4916 ||| FLEEEEING.
  4917 | D:6      | 4917 ||| FLEEEEING.
  4918 | D:6      | 4918 ||| FLEEEEING.
  4919 | D:6      | 4919 ||| FLEEEEING.
  4920 | D:6      | 4920 ||| FLEEEEING.
  4921 | D:6      | 4921 ||| FLEEEEING.
  4922 | D:6      | 4922 ||| FLEEEEING.
  4923 | D:6      | 4923 ||| FLEEEEING.
  4924 | D:6      | 4924 ||| FLEEEEING.
  4925 | D:6      | 4925 ||| FLEEEEING.
  4926 | D:6      | 4926 ||| FLEEEEING.
  4927 | D:6      | 4927 ||| FLEEEEING.
  4928 | D:6      | 4928 ||| FLEEEEING.
  4929 | D:6      | 4929 ||| FLEEEEING.
  4930 | D:6      | 4930 ||| FLEEEEING.
  4931 | D:6      | 4931 ||| FLEEEEING.
  4932 | D:6      | 4932 ||| STAIRDANCE
  5040 | D:5      | 5040 ||| READING scroll labelled FEFI OTWYCW.
  5043 | D:6      | 5043 ||| STAIRDANCE
  5182 | D:6      | HP: 9/73 [centaur/arrow (10)]
  5183 | D:6      | 5183 ||| READING 3 scrolls of teleportation.
  5184 | D:6      | 5184 ||| DRINKING potion of heal wounds.
  5387 | D:6      | 5387 ||| SWAPPING to +0 orcbow.
  5388 | D:6      | 5388 ||| DROPPING +1 shortbow.
  5440 | D:6      | 5440 ||| Stepping ~*~*~tactically~*~*~ (outnumbered).
  5617 | D:6      | Found a runed translucent door.
  5618 | D:6      | Noticed qw's ghost (novice GrFi)
  5626 | D:6      | Reached skill level 11 in Ranged Weapons
  5691 | D:6      | Found a staircase to the Ecumenical Temple.
  5692 | D:6      | 5692 ||| PLANNING TEMPLE
  5692 | D:6      | 5692 ||| READING 4 scrolls of identify.
  5692 | D:6      | 5692 ||| IDENTIFYING bubbling purple potion
  5693 | D:6      | 5693 ||| DROPPING potion of enlightenment.
  5699 | Temple   | Entered the Ecumenical Temple
  5709 | Temple   | 5709 ||| PLANNING OKAWARU WORSHIP
  5861 | Temple   | Became a worshipper of Warmaster Okawaru
  5861 | Temple   | 5861 ||| PLANNING D:1-11
  5862 | Temple   | 5862 ||| REMOVING amulet of guardian spirit.
  5867 | Temple   | 5867 ||| DROPPING amulet of guardian spirit.
  6087 | D:6      | 6087 ||| UPGRADING to ring of see invisible.
  6089 | D:6      | 6089 ||| UPGRADING to +0 robe of fire resistance.
  6144 | D:7      | Reached XP level 9. HP: 79/79 MP: 8/8
  6154 | D:7      | Found a hide-covered altar of Uskayaw.
  6325 | D:7      | Found a bloodstained altar of Trog.
  6382 | D:7      | Noticed Joseph
  6385 | D:7      | 6385 ||| FLEEEEING.
  6386 | D:7      | 6386 ||| FLEEEEING.
  6387 | D:7      | 6387 ||| FLEEEEING.
  6388 | D:7      | 6388 ||| FLEEEEING.
  6390 | D:7      | 6390 ||| FLEEEEING.
  6407 | D:7      | HP: 14/79 [Joseph/+0 quarterstaff (10)]
  6408 | D:7      | 6408 ||| READING 2 scrolls of teleportation.
  6409 | D:7      | 6409 ||| DRINKING potion of heal wounds.
  6619 | D:7      | Reached * piety under Okawaru
  6636 | D:7      | 6636 ||| FLEEEEING.
  6640 | D:7      | 6640 ||| FLEEEEING.
  6641 | D:7      | 6641 ||| FLEEEEING.
  6642 | D:7      | 6642 ||| FLEEEEING.
  6643 | D:7      | 6643 ||| FLEEEEING.
  6644 | D:7      | 6644 ||| FLEEEEING.
  6645 | D:7      | 6645 ||| FLEEEEING.
  6647 | D:7      | 6647 ||| FLEEEEING.
  6648 | D:7      | 6648 ||| FLEEEEING.
  6649 | D:7      | 6649 ||| FLEEEEING.
  6650 | D:7      | 6650 ||| FLEEEEING.
  6653 | D:7      | 6653 ||| FLEEEEING.
  6663 | D:7      | Killed Joseph
  6664 | D:7      | Reached skill level 12 in Ranged Weapons
  6789 | D:7      | Reached skill level 3 in Invocations
  6877 | D:7      | Found a stormy altar of Qazlal.
  6901 | D:7      | Noticed Maggie
  6919 | D:7      | 6919 ||| INVOKING Heroism.
  6921 | D:7      | Killed Maggie
  6992 | D:7      | Found a sacrificial altar of Ru.
  7147 | D:7      | 7147 ||| DROPPING +0 ring mail.
  7148 | D:7      | 7148 ||| UPGRADING to +0 steam dragon scales.
  7158 | D:7      | 7158 ||| DROPPING ring of flight.
  7215 | D:8      | 7215 ||| Stepping ~*~*~tactically~*~*~ (outnumbered).
  7228 | D:8      | Reached skill level 6 in Dodging
  7397 | D:8      | 7397 ||| INVOKING Heroism.
  7491 | D:8      | Reached XP level 10. HP: 74/87 MP: 12/12
  7559 | D:8      | Found a broken altar of Ashenzari.
  7585 | D:8      | Noticed Maurice
  7597 | D:8      | Killed Maurice
  7770 | D:8      | Found a glowing silver altar of Zin.
  7878 | D:8      | Reached skill level 13 in Ranged Weapons
  7880 | D:8      | 7880 ||| INVOKING Heroism.
  8444 | D:8      | 8444 ||| READING 2 scrolls labelled FEONICSEDO.
  8445 | D:8      | 8445 ||| READING 4 scrolls of identify.
  8445 | D:8      | 8445 ||| IDENTIFYING black potion
  8446 | D:8      | 8446 ||| READING 3 scrolls of identify.
  8446 | D:8      | 8446 ||| IDENTIFYING viscous black potion
  8447 | D:8      | 8447 ||| DROPPING scroll of immolation.
  8448 | D:8      | 8448 ||| DROPPING potion of berserk rage.
  8521 | D:9      | Reached ** piety under Okawaru
  8549 | D:9      | Found an ancient bone altar of Kikubaaqudgha.
  8718 | D:9      | Noticed a death yak
  8719 | D:9      | 8719 ||| INVOKING Heroism.
  8727 | D:9      | Noticed a death yak
  8730 | D:9      | Noticed a death yak
  8738 | D:9      | HP: 21/90 [orc priest/divine providence (13)]
  8739 | D:9      | 8739 ||| READING 2 scrolls of teleportation.
  8741 | D:9      | HP: 10/90 [death yak (11)]
  8743 | D:9      | Mangled by a death yak

Levels and vault maps discovered:
D:1:      onia_arrival_handbag, layout_loops_ring
D:2:      layout_loops_ring, uniq_robin, uniq_crazy_yiuf_cottage, uniq_jessica
D:3:      layout_basic, nicolae_wu_jian_wuxing_cycle, lemuel_blue_sif_altar,
          mainiacjoe_overflow_catwalk, dreamdust_ecumenical_altar_statues,
          serial_shops, nicolae_shop_dealshenge, hellmonk_no_cap
D:4:      layout_loops_cross
D:5:      layout_basic, amcnicky_altar_gilded, serial_glass, glass_columns_a,
          glass_columns_c, glass_columns_a, glass_columns_c, glass_columns_b,
          glass_columns_a, feat_on_display, item_on_display_a, serial_shops,
          shop, shop, nicolae_shop_peninsula, minmay_puff, uniq_eustachio
D:6:      layout_rooms, minmay_temple_entry_proselytizer,
          ebering_ghost_reflecting_pool, interstate_on_off,
          palyth_stone_intersect
D:7:      layout_loops_ring, old_standard_altar, marbit_many_paths,
          old_standard_altar, nicolae_uskayaw_murder_on_the_dancefloor,
          dreamdust_gnoll_farm, uniq_maggie, uniq_joseph
D:8:      layout_loops_corners, mainiacjoe_overflow_brackets,
          lemuel_round_altar, kennysheep_opposing_triangles, uniq_maurice
D:9:      layout_roguey, tgw_kikubaaqudgha, dpeg_lair_monsters, nicolae_titane
Temple:   nicolae_temple_bog_church

Skill      XL: |  1  2  3  4  5  6  7  8  9 10 |
---------------+-------------------------------+-----
Ranged Weapons | 5 6 7 8 9 11 12 13 | 13.0
Fighting       | 3 4 5 6 7 8 |  8.9
Armour         | 1 2 3 |  3.0
Dodging        | 3 4 6 |  6.0
Invocations    | 4 |  4.4
Stealth        | |  0.7

Action                     |  1- 3 |  4- 6 |  7- 9 | 10-12 || total
---------------------------+-------+-------+-------+-------++-------
   Fire: Shortbow          |   125 |   182 |   243 |       ||   550
         Orcbow            |       |       |   226 |    94 ||   320
 Invoke: Heroism           |       |       |     2 |     2 ||     4
    Use: Scroll            |     3 |     5 |     6 |     4 ||    18
         Potion            |       |     2 |     5 |       ||     7
 Armour: Leather armour    |    11 |       |       |       ||    11
         Ring mail         |     4 |    31 |    41 |       ||    76
         Steam dragon scal |       |       |     4 |     2 ||     6
         Robe              |       |       |     4 |       ||     4
  Dodge: Dodged            |    28 |   104 |   232 |    48 ||   412

Table legend:
 A = Non-vault XP
 B = Vault XP
 C = Vault XP percentage of total XP
 D = Non-vault monster count
 E = Vault monster count
 F = Vault count percentage of total count
                 A         B        C        D         E       F
            +---------+---------+-------+---------+---------+-------
      Total |    4534 |    2708 |  37.4 |     157 |      45 |  22.3
            +---------+---------+-------+---------+---------+-------
        D:1 |      48 |       6 |  11.1 |      26 |       4 |  13.3
        D:2 |      44 |      75 |  63.0 |      15 |      14 |  48.3
        D:3 |      24 |      75 |  75.8 |      14 |       4 |  22.2
        D:4 |     440 |       0 |   0.0 |      20 |       0 |   0.0
        D:5 |     790 |     427 |  35.1 |      22 |       6 |  21.4
        D:6 |     804 |      41 |   4.9 |      23 |       1 |   4.2
        D:7 |     888 |    1018 |  53.4 |      13 |       7 |  35.0
        D:8 |    1259 |    1016 |  44.7 |      18 |       5 |  21.7
        D:9 |     237 |      50 |  17.4 |       6 |       4 |  40.0
            +---------+---------+-------+---------+---------+-------
